 Dungeon Crawl Stone Soup version 0.30-a0-381-g6ea064c7b4 (webtiles) character file.

Game seed: 15744790241098972237

1119 qeuew the Digger (level 8, -5/58 HPs)
             Began as a Formicid Earth Elementalist on Dec 2, 2022.
             Slain by Joseph
             ... wielding a +0 quarterstaff
              (24 damage)
             ... on level 7 of the Dungeon.
             The game lasted 00:12:07 (5944 turns).

qeuew the Digger (Formicid Earth Elementalist)      Turns: 5944, Time: 00:12:08

Health: -5/58      AC:  3    Str: 15    XL:     8   Next: 60%
Magic:  13/14      EV: 12    Int: 21    God:
Gold:   413        SH:  0    Dex: 14    Spells: 8/16 levels left

rFire   . . .      SeeInvis +    c - +1 hand axe
rCold   . . .      Faith    .    (no shield)
rNeg    . . .      Spirit   .    d - +0 leather armour
rPois   .          Reflect  .    (helmet unavailable)
rElec   .          Harm     .    (no cloak)
rCorr   .          Rampage  .    (no gloves)
Will    .....                    (no boots)
Stlth   ++........               m - amulet of the acrobat
HPRegen 0.29/turn                q - +6 ring of intelligence
MPRegen 0.14/turn                (no ring)

@: mighty
A: permanent stasis, dig shafts and tunnels, antennae 3, four strong arms
a: Dig, Shaft Self


You were on level 7 of the Dungeon.
You visited 1 branch of the dungeon, and saw 9 of its levels.

You collected 413 gold pieces.

Inventory:

Hand Weapons
 c - a +1 hand axe (weapon)
Missiles
 k - a throwing net
Armour
 d - a +0 leather armour (worn)
Jewellery
 m - an amulet of the acrobat (around neck)
 q - a +6 ring of intelligence (left hand)
Wands
 f - a wand of digging (4)
 h - a wand of acid (19)
 n - a wand of flame (19)
 o - a wand of polymorph (2)
Scrolls
 g - a scroll of fear
Potions
 a - 2 potions of brilliance
 b - 3 potions of magic
 e - a potion of ambrosia
 i - 4 potions of attraction {unknown}
 l - a potion of cancellation


   Skills:
 + Level 3.0 Fighting
 + Level 2.0 Axes
 * Level 4.0 Armour
 + Level 3.0 Dodging
 - Level 2.4 Stealth
 * Level 4.5 Spellcasting
 + Level 2.1 Conjurations
 + Level 3.1 Transmutations
 * Level 6.0 Earth Magic
 + Level 2.3 Evocations


You had 8 spell levels left.
You knew the following spells:

 Your Spells              Type           Power      Damage    Failure   Level
a - Sandblast             Erth           60%        2d14      1%          1
b - Stone Arrow           Conj/Erth      42%        3d9       8%          3
c - Petrify               Tmut/Erth      24%        N/A       22%         4

Your spell library contained the following spells:

 Spells                   Type           Power      Damage    Failure   Level
 Passwall                 Tmut/Erth      20%        N/A       3%          2
 Apportation              Tloc           8%         N/A       14%         1
 Necrotise                Necr           16%        1d4       14%         1
 Slow                     Hex            16%        N/A       14%         1
 Summon Small Mammal      Summ           16%        N/A       14%         1
 Momentum Strike          Conj/Tloc      18%        3d8       14%         2
 Sublimation of Blood     Necr           4%         N/A       22%         2
 Gell's Gravitas          Tloc           4%         N/A       38%         3
 Lesser Beckoning         Tloc           8%         N/A       38%         3
 Teleport Other           Tloc           4%         N/A       38%         3
 Irradiate                Conj/Tmut      7%         3d14      80%         5
 Dispersal                Tloc           2%         N/A       100%        6
 Blink                    Tloc           Unusable   N/A       N/A         2

Dungeon Overview and Level Annotations

Branches:
Dungeon (9/15)
 Temple: D:4-7         Lair: D:8-11         Orc: D:9-12

Altars:
Qazlal
Vehumet
Wu Jian
Xom

Shops:
D:2 ?

Annotations:
D:4 2 runed translucent doors
D:7 Dowan, Duvessa, Joseph


Innate Abilities, Weirdness & Mutations

You cannot be hasted, slowed, berserked, paralysed or teleported.
You can dig through walls and to a lower floor.
You have a pair of large antennae on your head. (SInv)
Your four strong arms can wield two-handed weapons with a shield.


Message History

A sky beast comes into view.
The helpless Joseph fails to defend himself.
You hit Joseph but do no damage.
The orc shouts!
You punch Joseph, but do no damage.
Joseph is lightly wounded.
The helpless Joseph fails to defend himself.
You hit Joseph.
Joseph is lightly wounded.
The helpless Joseph fails to defend himself.
You hit Joseph but do no damage.
Joseph is lightly wounded.
You hear the faint creaking of a very distant portcullis.
The helpless Joseph fails to defend himself.
You hit Joseph.
Joseph is lightly wounded.
The helpless Joseph fails to defend himself.
You hit Joseph but do no damage.
Joseph is lightly wounded.
You hit the sky beast. The sky beast closely misses you.
The helpless Joseph fails to defend himself.
You hit Joseph. You punch Joseph, but do no damage.
Joseph is lightly wounded.
You hit the orc. x2; You hit the sky beast.
The sky beast closely misses you. The orc hits you with a +0 dagger.
The orc closely misses you. The sky beast barely misses you.
The orc hits you with a +0 dagger. The orc hits you with a +0 hand axe.
The helpless Joseph fails to defend himself.
You hit Joseph.
Joseph is lightly wounded.
You hit the sky beast. You hit the orc.
You kill the orc!
You hit the orc but do no damage. The sky beast hits you.
The sky beast shocks you. The orc barely misses you.
Your Armour skill increases to level 4!
Unknown command.
You feel very mighty all of a sudden.
Joseph is no longer petrified.
Joseph hits you with a +0 quarterstaff!!
You die...

#..# #..# .. ##..# #.#
####...# ..# .{{o......#
..# # #....# ..# #
#....#######..# #
###.........)Y..#####
####...........o@.......
#....##.....#####@......
#.#####.##### .......
#.# #.# ....... ..# #.#
####### .######.#
>..)..... ####..... ..


You could see Joseph (strong), a sky beast and an orc.

Vanquished Creatures
  A black bear (D:5)
  4 bullfrogs
  3 orc priests
  A gnoll bouda (D:9)
  A hound (D:5)
  2 jellies
  Jessica (D:2)
  Ijyb (D:3)
  3 iguanas
  6 orc wizards
  Natasha (thrice) (D:4)
  8 adders
  3 gnolls (D:9)
  A shadow imp (D:5)
  A worm (D:2)
  A dart slug (D:5)
  13 orcs
  8 ball pythons
  10 bats
  8 endoplasms
  13 goblins
  7 hobgoblins
  4 quokkas
  2 frilled lizards (D:1)
  7 kobolds
  6 rats
118 creatures vanquished.

Notes
Turn   | Place    | Note
-------+----------+-------------------------------------------
     0 | D:1      | qeuew the Formicid Earth Elementalist began the quest for
                  | the Orb.
     0 | D:1      | Reached XP level 1. HP: 13/13 MP: 3/3
   186 | D:1      | Reached XP level 2. HP: 20/20 MP: 3/5
   420 | D:1      | Reached skill level 1 in Fighting
   547 | D:1      | Reached XP level 3. HP: 26/26 MP: 4/6
   885 | D:1      | Reached skill level 1 in Armour
  1056 | D:2      | Reached skill level 4 in Earth Magic
  1145 | D:2      | Learned a level 3 spell: Stone Arrow
  1217 | D:2      | Reached XP level 4. HP: 30/32 MP: 4/8
  1474 | D:2      | Found Jeduch's Magic Scroll Shoppe.
  1822 | D:2      | Noticed Jessica
  1829 | D:2      | Killed Jessica
  1830 | D:2      | Reached XP level 5. HP: 23/37 MP: 2/9
  1896 | D:2      | Got Jessica's Handbook of Guile
  2498 | D:3      | Noticed Ijyb
  2510 | D:3      | Killed Ijyb
  2875 | D:4      | Reached skill level 1 in Conjurations
  2875 | D:4      | Reached XP level 6. HP: 25/44 MP: 5/10
  3031 | D:4      | Noticed Natasha
  3038 | D:4      | Killed Natasha
  3039 | D:4      | Reached skill level 1 in Evocations
  3179 | D:4      | Found a large runed translucent door.
  3179 | D:4      | Found a large runed translucent door.
  3180 | D:4      | Found a shimmering altar of Xom.
  3462 | D:4      | Noticed Natasha
  3466 | D:4      | Killed Natasha
  3467 | D:4      | Reached skill level 1 in Axes
  3479 | D:4      | Noticed Natasha
  3486 | D:4      | Killed Natasha
  3796 | D:5      | Entered Level 5 of the Dungeon
  3844 | D:5      | Found an ornate altar of the Wu Jian Council.
  3863 | D:5      | Reached XP level 7. HP: 39/50 MP: 9/12
  3914 | D:5      | Reached skill level 5 in Earth Magic
  4325 | D:5      | Found a radiant altar of Vehumet.
  4326 | D:5      | Found a stormy altar of Qazlal.
  5228 | D:6      | You fall into a shaft and drop 3 floors!
  5375 | D:9      | Reached XP level 8. HP: 57/57 MP: 10/14
  5843 | D:8      | Reached skill level 6 in Earth Magic
  5857 | D:8      | Learned a level 4 spell: Petrify
  5923 | D:7      | Noticed Joseph
  5927 | D:7      | Noticed Dowan
  5929 | D:7      | Noticed Duvessa
  5944 | D:7      | Slain by Joseph

Illustrated notes

Levels and vault maps discovered:
D:1:      dpeg_arrival_subterranean_lakeside_camping, layout_basic
D:2:      layout_basic, serial_shops, shop, minmay_misc_feat_encased,
          chequers_jeans, kennysheep_jessica_study
D:3:      layout_basic, uniq_ijyb
D:4:      due_chaos_kobolds, layout_rooms, uniq_natasha
D:5:      layout_loops_ring, gammafunk_temple_overflow_statue,
          mainiacjoe_overflow_brackets, minivault_11,
          kennysheep_decorative_pillar, minivault_14
D:6:      layout_layer_cave
D:7:      minmay_skewed_foursquare, layout_basic, grunt_temple_overflow_open,
          mainiacjoe_overflow_chevrons, minmay_temple_entry_stoned_glass,
          enter_bailey_5, uniq_menkaure, uniq_joseph, uniq_duvessa
D:8:      layout_cave_pools, amcnicky_altar_gilded
D:9:      layout_roguey, kennysheep_doodads, uniq_erolcha

Skill      XL: |  1  2  3  4  5  6  7  8 |
---------------+-------------------------+-----
Fighting       | 1 2 3 |  3.0
Dodging        | 2 3 |  3.0
Armour         | 1 2 3 4 |  4.0
Earth Magic    | 4 5 6 |  6.0
Spellcasting   | 3 4 |  4.5
Transmutations | 2 3 |  3.1
Conjurations   | 1 2 |  2.1
Evocations     | 1 2 |  2.3
Axes           | 1 2 |  2.0
Stealth        | |  2.4

Action                   |  1- 3 |  4- 6 |  7- 9 || total
-------------------------+-------+-------+-------++-------
Melee: Unarmed           |     1 |       |       ||     1
       Hand axe          |       |    22 |    39 ||    61
       Punch             |       |       |     3 ||     3
 Cast: Sandblast         |    37 |    83 |    38 ||   158
       Stone Arrow       |       |     1 |    16 ||    17
       Petrify           |       |       |     1 ||     1
 Abil: Shaft Self        |       |       |     1 ||     1
  Use: Scroll            |     2 |     4 |     6 ||    12
       Potion            |     1 |     5 |     4 ||    10
 Stab: Petrified         |       |       |    12 ||    12
       Invisible         |       |       |     2 ||     2
       Petrifying        |       |       |     1 ||     1
Armor: Robe              |     1 |       |       ||     1
       Leather armour    |     2 |    11 |     7 ||    20
Dodge: Dodged            |     2 |    58 |    69 ||   129

Table legend: (Time is in decaauts)
 A = Elapsed time spent in this place.
 B = Non-inter-level travel time spent in this place.
 C = Inter-level travel time spent in this place.
 D = Time resting spent in this place.
 E = Time spent auto-exploring this place.
 F = Levels seen in this place.
 G = Mean time per level.
                   A        B        C        D        E       F      G
               +--------+--------+--------+--------+--------+-----+--------+
         Total |   6038 |   5889 |    149 |     54 |   4995 |   9 |  670.9 |
       Dungeon |   6038 |   5889 |    149 |     54 |   4995 |   9 |  670.9 |
               +--------+--------+--------+--------+--------+-----+--------+

Top non-repeatable levels by time:
     D:5: 1174 daAuts
     D:2: 1117 daAuts
     D:1: 1065 daAuts
     D:4: 1014 daAuts
     D:3: 666 daAuts
     D:9: 551 daAuts
     D:6: 269 daAuts
     D:8: 124 daAuts
     D:7: 55 daAuts
